 Dungeon Crawl Stone Soup version 0.27.1 (webtiles) character file.

Game seed: 14617605460453963982

2342 safid the Cleaver (level 9, -3/79 HPs)
             Began as a Hill Orc Fighter on Sept 1, 2021.
             Succumbed to a killer bee's poison
             ... on level 6 of the Dungeon.
             The game lasted 00:26:20 (7381 turns).

safid the Cleaver (Hill Orc Fighter)                Turns: 7381, Time: 00:26:20

Health: -3/79      AC:  9    Str: 22    XL:     9   Next: 43%
Magic:  10/10      EV:  6    Int:  8    God:
Gold:   229        SH: 16    Dex: 10    Spells: 8/8 levels left

rFire    . . .     SeeInvis .   a - +0 war axe
rCold    . . .     Faith    .   n - +0 tower shield
rNeg     . . .     Spirit   .   b - +0 scale mail
rPois    .         Reflect  .   q - +1 helmet
rElec    .         Harm     .   (no cloak)
rCorr    .         Rampage  .   (no gloves)
Will     .....                  (no boots)
Stlth    ..........             (no amulet)
HPRegen  0.23/turn              (no ring)
MPRegen  0.12/turn              (no ring)

@: lethally poisoned (-3 -> -21), hasted, very quick
A: no striking features
a: no special abilities


You were on level 6 of the Dungeon.
You visited 1 branch of the dungeon, and saw 7 of its levels.
You also visited: Ossuary.

You collected 371 gold pieces.
You spent 142 gold pieces at shops.

Inventory:

Hand Weapons
 a - a +0 war axe (weapon)
Missiles
 e - 12 boomerangs
 k - 156 stones
 r - 25 poisoned darts (quivered)
Armour
 b - a +0 scale mail (worn)
 n - a +0 tower shield (worn)
 q - a +1 helmet (worn)
Wands
 c - a wand of digging (5)
 j - a wand of iceblast (6)
Scrolls
 g - 2 scrolls of enchant weapon
 h - a scroll of identify
 i - a scroll of enchant armour
 o - a scroll of magic mapping
 p - 5 scrolls of teleportation
 t - a scroll of fear
 v - a scroll of amnesia
Potions
 d - a potion of lignification
 f - 2 potions of flight
 l - a potion of mutation {unknown}
 m - a potion of brilliance
 w - 2 potions of curing
 x - a potion of haste


   Skills:
 + Level 7.6 Fighting
 + Level 11.0 Axes
 - Level 3.8 Armour
 - Level 0.4 Dodging
 - Level 1.0 Stealth
 + Level 7.8 Shields
 - Level 2.6 Invocations


You had 8 spell levels left.
You didn't know any spells.
Your spell library was empty.

Dungeon Overview and Level Annotations

Branches:
Dungeon (7/15)             Temple (0/1) D:5         Ossuary (visited)

Altars:
Kikubaaqudgha
Yredelemnul

Shops:
D:2 [   D:6 ?


Message History

You carefully extract the barbed spikes from your body.
You feel sick. The killer bee stings you. You block the killer bee's attack.
The killer bee stings you. You block the steam dragon's attack. x2
The killer bee stings you.
You are more poisoned.
The killer bee poisons you!
You closely miss the killer bee.
The killer bee is lightly wounded.
You hit the killer bee. You closely miss the steam dragon.
You are engulfed in a cloud of scalding steam.
* * * LOW HITPOINT WARNING * * *
You feel very sick.
The killer bee stings you but does no damage.
You block the killer bee's attack. x2
You feel better.
You are engulfed in a cloud of scalding steam.
You block the killer bee's attack. x2
The steam dragon breathes steam at you. The ball of steam hits you!
* * * LOW HITPOINT WARNING * * *
The killer bee stings you.
* * * LOW HITPOINT WARNING * * *
You miss the killer bee.
The killer bee is lightly wounded.
You hit the killer bee but do no damage.
You hit the steam dragon.
You are engulfed in a cloud of scalding steam.
The killer bee stings you.
* * * LOW HITPOINT WARNING * * *
You are lethally poisoned!
The killer bee poisons you! You block the killer bee's attack.
The killer bee stings you.
* * * LOW HITPOINT WARNING * * *
You are more poisoned.
The killer bee poisons you! You block the steam dragon's attack.
The steam dragon completely misses you.
You hit the killer bee.
The killer bee is lightly wounded.
You hit the steam dragon. You closely miss the killer bee.
You die...

#.# #.####.##.......###... #.#
#.# #.###.####....... #.# #.# #.#
#.# ##.###...
#.#######.####.###.###..<###.#
#.##...##....................#
#.##...##.####.######....###..
#.##...##.# ##.# #.#.## #..
#.........###.y######...# #..
#..........)D@ยงยงยง...#..## #..
#.........###y#####(#..#####.. #
#........#.##.##..............
####.##...##.###.##.......#####..
..........##.# #.##.......# #..
####.##.####.# #..........#####..
####.##.# #.# ####......>.......
........# #.# #.......#######
.###.#### #.# #.......#


You could see a steam dragon (catching breath) and 2 killer bees.

Vanquished Creatures
  Grinder (D:3)
  2 wraiths (Ossuary)
  A water moccasin (D:6)
  A sky beast (D:5)
  An ice beast (D:5)
  4 ogres
  A necrophage (D:4)
  2 centaurs
  A phantom (D:6)
  A wyvern zombie (D:3)
  A scorpion (D:5)
  A water moccasin zombie (D:5)
  2 water moccasin skeletons
  A killer bee (D:6)
  2 wights (Ossuary)
  3 hounds
  A jelly (D:4)
  A bullfrog skeleton (D:5)
  5 iguanas
  An orc wizard (D:5)
  11 adders
  A shadow imp (D:5)
  3 adder zombies
  An adder skeleton (D:4)
  2 worms (D:2)
  2 dart slugs
  7 orcs
  8 ball pythons
  9 endoplasms
  7 giant cockroaches
  7 goblins
  4 hobgoblins
  5 jackals
  3 quokkas
  6 bats
  A frilled lizard (D:2)
  3 hobgoblin skeletons (Ossuary)
  A hobgoblin zombie (Ossuary)
  7 kobolds
  A kobold zombie (Ossuary)
  An orc zombie (Ossuary)
  4 rats
127 creatures vanquished.

Vanquished Creatures (others)
  A white imp (D:6)
  8 plants (D:3)
9 creatures vanquished.

Grand Total: 136 creatures vanquished

Notes
Turn   | Place    | Note
-------+----------+-------------------------------------------
     0 | D:1      | safid the Hill Orc Fighter began the quest for the Orb.
     0 | D:1      | Reached XP level 1. HP: 19/19 MP: 1/1
   400 | D:1      | Reached XP level 2. HP: 22/27 MP: 2/2
   471 | D:1      | Reached skill level 1 in Invocations
   499 | D:1      | Reached skill level 3 in Axes
   985 | D:2      | Reached XP level 3. HP: 27/33 MP: 2/4
  1263 | D:2      | Found Acseyrar's Armour Boutique.
  1275 | D:2      | Reached XP level 4. HP: 41/41 MP: 5/5
  1586 | D:2      | Found a faded altar of an unknown god.
  1761 | D:3      | Reached skill level 4 in Axes
  1761 | D:3      | Reached XP level 5. HP: 14/47 MP: 6/6
  2384 | D:3      | Found an ancient bone altar of Kikubaaqudgha.
  2683 | D:3      | Noticed Grinder
  2687 | D:3      | Paralysed by Grinder for 4 turns
  2694 | D:3      | Killed Grinder
  2695 | D:3      | Reached skill level 5 in Fighting
  2695 | D:3      | Reached skill level 6 in Axes
  2695 | D:3      | Reached XP level 6. HP: 25/56 MP: 7/7
  3357 | D:4      | Reached XP level 7. HP: 35/61 MP: 8/8
  3956 | D:4      | Reached skill level 7 in Axes
  4221 | D:5      | Entered Level 5 of the Dungeon
  4233 | D:4      | Reached skill level 5 in Shields
  4430 | D:5      | Reached skill level 8 in Axes
  4493 | D:5      | Reached XP level 8. HP: 28/70 MP: 9/9
  4931 | D:5      | Reached skill level 9 in Axes
  5036 | D:5      | Found a basalt altar of Yredelemnul.
  5714 | D:5      | Found a staircase to the Ecumenical Temple.
  5749 | D:5      | Found a faded altar of an unknown god.
  6073 | D:6      | Found a sand-covered staircase.
  6080 | D:6      | Reached skill level 10 in Axes
  6080 | D:6      | Reached XP level 9. HP: 79/79 MP: 10/10
  6085 | Ossuary  | Entered an ossuary
  6359 | Ossuary  | Reached skill level 1 in Stealth
  7212 | D:6      | Found Fiyff's Magic Scroll Emporium.
  7215 | D:6      | Bought a scroll of teleportation for 45 gold pieces
  7215 | D:6      | Bought a scroll of fear for 52 gold pieces
  7215 | D:6      | Bought a scroll of teleportation for 45 gold pieces
  7361 | D:7      | Noticed a manticore
  7369 | D:6      | Reached skill level 11 in Axes
  7380 | D:6      | HP: 1/79 [killer bee (4)]
  7381 | D:6      | Succumbed to a killer bee's poison

Illustrated notes

Levels and vault maps discovered:
D:1:      dpeg_arrival_tiny_j, layout_basic
D:2:      layout_basic, shapermc_ecumenical_altar_totnotflames, serial_shops,
          shop
D:3:      layout_loops_ring, mainiacjoe_overflow_surrounded_room, serial_bayou,
          serial_bayou_pond_b, serial_bayou_lagoon_b, serial_bayou_lake_a,
          serial_bayou_pond_d, grunt_ministairs_3,
          chequers_serial_rivers_room_b, uniq_grinder
D:4:      layout_loops_ring, minmay_fountain_box, kennysheep_generic_room_7
D:5:      layout_cave_pools, mainiacjoe_overflow_catwalk,
          minmay_temple_entry_statues_pillars, serial_column_ruins,
          column_ruins_temple_hut, column_ruins_hut_pillars,
          column_ruins_open_small, column_ruins_corridor_straight,
          column_ruins_grid_3, st_stairs_13
D:6:      layout_loops_ring, serial_shops, nicolae_shop_behind_doors,
          nicolae_ossuary_entry_ruins
D:7:      layout_loops_ring, gammafunk_ghost_mausoleum

Skill      XL: |  1  2  3  4  5  6  7  8  9 |
---------------+----------------------------+-----
Fighting       | 4 5 6 7 |  7.6
Invocations    | 1 2 |  2.6
Axes           | 3 4 6 8 10 11 | 11.0
Shields        | 4 5 6 7 |  7.8
Stealth        | 1 |  1.0
Armour         | |  3.8
Dodging        | |  0.4

Action                   |  1- 3 |  4- 6 |  7- 9 || total
-------------------------+-------+-------+-------++-------
Melee: War axe           |    61 |   152 |   247 ||   460
Throw: Boomerang         |       |     1 |       ||     1
       Dart              |       |       |     5 ||     5
  Use: Potion            |     1 |     4 |     4 ||     9
       Scroll            |       |     9 |     6 ||    15
 Stab: Distracted        |       |     1 |       ||     1
Armor: Scale mail        |    29 |    58 |   108 ||   195
Dodge: Dodged            |    24 |    39 |    57 ||   120
Block: Kite shield       |    41 |    73 |    20 ||   134
       Tower shield      |       |       |   203 ||   203
